 Dungeon Crawl Stone Soup version 0.30-a0-900-g23479c02f2 (webtiles) character file.

Game seed: 8415984627446493329

91 buddhastalin the Poker (level 4, -5/35 HPs)
             Began as a Demonspawn Gladiator on Mar 18, 2023.
             Slain by a sky beast (6 damage)
             ... on level 4 of the Dungeon.
             The game lasted 00:04:12 (2168 turns).

buddhastalin the Poker (Demonspawn Gladiator)       Turns: 2168, Time: 00:04:13

Health: -5/35      AC: 10    Str: 14    XL:     4   Next: 33%
Magic:  4/4        EV: 12    Int: 11    God:
Gold:   174        SH:  0    Dex: 12    Spells: 3/3 levels left

rFire   . . .      SeeInvis .    a - +0 trident
rCold   . . .      Faith    .    (no shield)
rNeg    + . .      Spirit   .    b - +0 leather armour
rPois   .          Reflect  .    c - +0 helmet
rElec   .          Rampage  .    t - +2 cloak
rCorr   +                        u - +2 pair of gloves of Nule {rN+ Will+ rCorr Dex-3}
Will    ++...                    (no boots)
Stlth   +                        (no amulet)
HPRegen 0.25/turn                h - ring of willpower
MPRegen 0.09/turn                (no ring)

@: no status effects
A: powered by death 2
a: no special abilities


You were on level 4 of the Dungeon.
You visited 1 branch of the dungeon, and saw 4 of its levels.

You collected 174 gold pieces.

Inventory:

Hand Weapons
 a - a +0 trident (weapon)
Missiles
 d - 4 throwing nets
 e - a javelin
 x - 5 poisoned darts (quivered)
Armour
 b - a +0 leather armour (worn)
 c - a +0 helmet (worn)
 t - a +2 cloak (worn)
 u - the +2 pair of gloves of Nule (worn) {rN+ Will+ rCorr Dex-3}
   (You found it on level 3 of the Dungeon)

   Dex:       It affects your dexterity (-3).
   rN:        It protects you from negative energy.
   rCorr:     It protects you from acid and corrosion.
   Will:      It increases your willpower.
Jewellery
 h - a ring of willpower (left hand)
Scrolls
 g - a scroll of fog {unknown}
 j - a scroll of silence {unknown}
 k - a scroll of amnesia {unknown}
 p - 3 scrolls of identify {unknown}
 q - a scroll of fear {unknown}
 r - 2 scrolls of enchant armour {unknown}
 s - a scroll of teleportation {unknown}
 v - a scroll of magic mapping {unknown}
 y - a scroll of vulnerability {unknown}
Potions
 f - a potion of degeneration {unknown}
 i - 5 potions of curing {unknown}
 l - a potion of invisibility {unknown}
 m - a potion of ambrosia {unknown}
 n - 2 potions of lignification {unknown}
 o - a potion of magic {unknown}
 w - a potion of attraction {unknown}


   Skills:
 * Level 3.3 Fighting
 * Level 3.6 Polearms
 - Level 1.7 Throwing
 + Level 3.2 Dodging


You had 3 spell levels left.
You didn't know any spells.
Your spell library contained the following spells:

 Spells                   Type           Power      Damage    Failure   Level
 Beastly Appendage        Tmut           0%         N/A       41%         1
 Summon Ice Beast         Ice/Summ       0%         N/A       99%         4
 Blade Hands              Tmut           0%         N/A       100%        5


Dungeon Overview and Level Annotations

Branches:
Dungeon (4/15)
 Temple: D:4-7

Altars:


Innate Abilities, Weirdness & Mutations

You regenerate health from kills.


Message History

The sky beast is moderately wounded.
The sky beast hits you but does no damage. x2
You closely miss the sky beast.
The sky beast is moderately wounded.
The sky beast hits you but does no damage.
You miss the sky beast.
The sky beast is moderately wounded.
The sky beast hits you but does no damage.
You hit the sky beast but do no damage.
The sky beast is moderately wounded.
The sky beast barely misses you.
You closely miss the sky beast.
The sky beast is moderately wounded.
The sky beast flickers out of sight!
Deactivating autopickup; reactivate with Ctrl-A.
Something hits you but does no damage.
You hit something but do no damage. Something hits you but does no damage.
You miss something. Something hits you but does no damage.
You miss something. Something hits you but does no damage.
You miss something.
Something hits you but does no damage. x2
You miss something. Something hits you but does no damage.
You closely miss something. Something hits you but does no damage.
You miss something. Something hits you but does no damage.
You miss something. Something hits you but does no damage.
You closely miss something. Something hits you. Something shocks you.
You miss something. Your punch misses something.
Something hits you but does no damage.
You closely miss something. Something hits you. Something shocks you.
You hit something. Something hits you. Something shocks you.
* * * LOW HITPOINT WARNING * * *
Something hits you but does no damage.
You closely miss something. Something hits you.
* * * LOW HITPOINT WARNING * * *
Something shocks you.
* * * LOW HITPOINT WARNING * * *
You closely miss something. Something hits you but does no damage.
Something hits you.
* * * LOW HITPOINT WARNING * * *
Something shocks you.
You die...

+.. + ....... #..
. ....... #.#
.###....... #.#
#......... #.#
#.......# #.#
#.......# #.#
........# #.#
........# #@#
........########.#
....######....##.#
..########....##.#
...##......<..##.#
......#.......##.#
###...#.#.....##.#
.......#.....##.#
##+#...##.....##.#


There were no monsters in sight!

Vanquished Creatures
  2 adders (D:3)
  A worm (D:3)
  2 dart slugs (D:1)
  3 orcs
  3 endoplasms
  2 giant cockroaches
  5 goblins
  8 hobgoblins
  10 jackals
  2 kobolds
  4 quokkas (D:1)
  6 ball pythons
  A bat (D:1)
  A frilled lizard (D:1)
  5 rats
55 creatures vanquished.

Notes
Turn   | Place    | Note
-------+----------+-------------------------------------------
     0 | D:1      | buddhastalin the Demonspawn Gladiator began the quest for
                  | the Orb.
     0 | D:1      | Reached XP level 1. HP: 16/16 MP: 1/1
   117 | D:1      | Gained mutation: You regenerate a little health from kills.
                  | [demonic ancestry]
   117 | D:1      | Reached XP level 2. HP: 20/23 MP: 2/2
   290 | D:1      | Gained mutation: You regenerate health from kills. [demonic
                  | ancestry]
   290 | D:1      | Reached XP level 3. HP: 28/28 MP: 3/3
  1093 | D:2      | Got the Guidebook on Helpful Vicissitude
  1551 | D:3      | Reached XP level 4. HP: 35/35 MP: 4/4
  1606 | D:3      | Identified the +2 pair of gloves of Nule {rN+ Will+ rCorr
                  | Dex-3}
  1637 | D:3      | Found a faded altar of an unknown god.
  2137 | D:4      | Noticed a sky beast
  2168 | D:4      | HP: 1/35 [something (2)]
  2168 | D:4      | Slain by a sky beast

Illustrated notes

Levels and vault maps discovered:
D:1:      saegor_arrival_simple_e, layout_loops_cross, minivault_24,
          minmay_misc_feat_pillars
D:2:      layout_basic
D:3:      layout_basic, shapermc_ecumenical_altar_mp_urbaneastern,
          kennysheep_generic_room_5
D:4:      layout_basic

Skill      XL: |  1  2  3 |
---------------+----------+-----
Polearms       | 3 |  3.6
Dodging        | 3 |  3.2
Fighting       | 3 |  3.3
Throwing       | |  1.7

Action                     |  1- 3 |  4- 6 || total
---------------------------+-------+-------++-------
  Melee: Trident           |   139 |    89 ||   228
         Punch             |     1 |     1 ||     2
   Stab: Sleeping          |     3 |       ||     3
 Armour: Leather armour    |    40 |    44 ||    84
  Dodge: Dodged            |    78 |    38 ||   116

Table legend: (Time is in decaauts)
 A = Elapsed time spent in this place.
 B = Non-inter-level travel time spent in this place.
 C = Inter-level travel time spent in this place.
 D = Time resting spent in this place.
 E = Time spent auto-exploring this place.
 F = Levels seen in this place.
 G = Mean time per level.
                   A        B        C        D        E       F      G
               +--------+--------+--------+--------+--------+-----+--------+
         Total |   2197 |   2107 |     90 |    163 |   1497 |   4 |  549.2 |
       Dungeon |   2197 |   2107 |     90 |    163 |   1497 |   4 |  549.2 |
               +--------+--------+--------+--------+--------+-----+--------+

Top non-repeatable levels by time:
     D:1: 867 daAuts
     D:3: 621 daAuts
     D:2: 576 daAuts
     D:4: 132 daAuts
